AoeStats
← Nao do Conta de Trabaia

Arabia

506499165Analyzed
2v2 RM · 19d ago on Sep 13, 2026· 20m 1s· 4 players
Game mode
Random Map
Map size
Medium (4 player)
Population
200
Speed
Normal
Resources
Standard
Victory
Conquest
Starting age
Dark Age
Ending age
Imperial Age
RankedLock teamsTeams togetherTeam positionsShared explorationLock speedFull tech treeHidden civsTurbo modeCheats
Victory
Defeat
🇦🇷 Magyars · Argentina
1307
+18
1207
+22
🇦🇷 Ethiopians · Argentina
1353
-20
🇦🇷 Berbers · Argentina
1353
-20
ReaperAOE2
7:03 Loom
9:32 Feudal Age
10:01 Double-Bit Axe
17:03 Scale Barding Armor
18:36 Bloodlines
18:23 Horse Collar
Nao do Conta de Trabaia
7:31 Loom
9:48 Feudal Age
14:20 Castle Age
13:13 Scale Mail Armor
BoomT | El KunTa ARG
7:10 Loom
9:43 Feudal Age
10:33 Double-Bit Axe
10:28 Horse Collar
13:19 Town Watch
21:07 Castle Age
20:05 Scale Barding Armor
20:30 Bloodlines
BoomT | Gold Thunder
7:14 Loom
9:50 Feudal Age
10:52 Double-Bit Axe
12:05 Fletching
16:51 Gold Mining
18:17 Padded Archer Armor
Connection lost

Rejoining the realm…

Still unreachable

The connection could not be restored.

Session expired

The server has moved on; the page needs a fresh start.